 Dungeon Crawl Stone Soup version 0.20.0-15-g7f486f2 (webtiles) character file.

32 rezek the Caller (level 3, 0/24 HPs)
             Began as a Barachi Summoner on June 23, 2017.
             Succumbed to an adder's poison
             ... on level 2 of the Dungeon.
             The game lasted 00:08:45 (1752 turns).

rezek the Caller (Barachi Summoner)                 Turns: 1752, Time: 00:08:45

Health: 0/24       AC:  5    Str:  9    XL:     3   Next: 25%
Magic:  2/6        EV: 12    Int: 16    God:
Gold:   59         SH:  0    Dex: 12    Spells: 1/7 levels left

rFire    . . .     SeeInvis .   e - +0 spear
rCold    . . .     Gourm    .   (no shield)
rNeg     . . .     Faith    .   a - +0 robe
rPois    .         Spirit   .   (no helmet)
rElec    .         Reflect  .   j - +2 cloak
rCorr    +         Harm     .   (no gloves)
MR       .....                  (no boots)
Stlth    ++........             (no amulet)
Regen    0.1/turn               g - ring of resist corrosion
MPRegen  0.1/turn               (no ring)

@: lethally poisoned (0 -> -9), slow
A: +LOS, swims, slowness 1, strong legs 1
a: Hop


You were on level 2 of the Dungeon.
You were hungry.

You visited 1 branch of the dungeon, and saw 2 of its levels.

You collected 59 gold pieces.

Inventory:

Hand Weapons
 e - a +0 spear (weapon)
 i - a +0 whip
Armour
 a - a +0 robe (worn)
 j - a +2 cloak (worn)
Jewellery
 g - a ring of resist corrosion (left hand)
Scrolls
 d - a scroll of teleportation
 f - a scroll of remove curse {unknown}
 k - a scroll of immolation {unknown}
Books
 b - a book of Callings

   Spells                             Type                      Level
   a - Summon Small Mammal            Summoning                    1
   b - Call Imp                       Summoning                    2
   c - Call Canine Familiar           Summoning                    3
   d - Summon Guardian Golem          Hexes/Summoning              3
   e - Summon Lightning Spire         Summoning/Air                4
   f - Summon Ice Beast               Ice/Summoning                4
Comestibles
 c - 2 bread rations
 h - a royal jelly
 l - a chunk of flesh


   Skills:
 + Level 0.2 Maces & Flails
 - Level 2.1 Dodging
 - Level 1.7 Stealth
 + Level 2.6 Spellcasting
 + Level 5.7 Summonings


You had one spell level left.
You knew the following spells:

 Your Spells              Type           Power        Failure   Level  Hunger
a - Summon Small Mammal   Summ           ###.         1%          1    #......
b - Call Imp              Summ           ###.....     2%          2    ##.....
c - Call Canine Familiar  Summ           ###.....     5%          3    ###....


Dungeon Overview and Level Annotations

Branches:
Dungeon (2/15)

Altars:


Innate Abilities, Weirdness & Mutations

Shadows flee at your approach. (+LOS)
You can swim through water.
You cover ground slowly.
You can hop short distances.


Message History

* * * LOW HITPOINT WARNING * * *
You are lethally poisoned!
The adder poisons you!
Your hound bites the adder.
The adder dies!
* * * LOW HITPOINT WARNING * * *
You feel sick.
You see here an adder corpse.
You aren't carrying any potions.
You butcher the adder corpse.
* * * LOW HITPOINT WARNING * * *
You feel sick.
Things that are here:
2 chunks of flesh; an adder skeleton
There is a lethal amount of poison in your body!
You swap places.
* * * LOW HITPOINT WARNING * * *
You feel sick.
* * * LOW HITPOINT WARNING * * *
You feel sick.
You die...

....####.... ..
............ ...
##....# #...##....
#<########.#.......
#.#........#...#
#.'.......%....# #
###........##..#
#..###.......h5...#
#...........@....##
#.####.......#####
#................
#.######...#####.#
#####


You could see a friendly hound and a friendly crimson imp.

Vanquished Creatures
  3 goblins (D:1)
  2 hobgoblins (D:1)
  2 kobolds (D:1)
  3 bats (D:1)
  6 rats
16 creatures vanquished.

Vanquished Creatures (collateral kills)
  An adder (D:2)
  A worm (D:1)
  A dart slug (D:1)
  A goblin (D:1)
  3 hobgoblins (D:1)
  2 kobolds (D:1)
  A bat (D:1)
  A frilled lizard (D:1)
11 creatures vanquished.

Vanquished Creatures (others)
  4 toadstools (D:1)
4 creatures vanquished.

Grand Total: 31 creatures vanquished

Notes
Turn   | Place    | Note
-------+----------+-------------------------------------------
     0 | D:1      | rezek the Barachi Summoner began the quest for the Orb.
     0 | D:1      | Reached XP level 1. HP: 13/13 MP: 3/3
    32 | D:1      | Reached skill level 5 in Summonings
   737 | D:1      | Reached XP level 2. HP: 5/19 MP: 1/5
   823 | D:1      | Learned a level 2 spell: Call Imp
  1673 | D:1      | Reached XP level 3. HP: 21/24 MP: 6/6
  1681 | D:1      | Learned a level 3 spell: Call Canine Familiar
  1750 | D:2      | HP: 1/24 [poisoned by an adder]
  1752 | D:2      | Succumbed to an adder's poison

Skill      XL: |  1 |
---------------+----+-----
Summonings     | 5 |  5.7
Maces & Flails | |  0.2
Dodging        | |  2.1
Stealth        | |  1.7
Spellcasting   | |  2.6

Action                   || total
-------------------------++-------
Melee: Whip              ||    56
       Unarmed           ||     6
       Club              ||     4
       Spear             ||    40
 Cast: Summon Small Mamm ||    21
       Call Imp          ||     2
       Call Canine Famil ||     1
 Abil: Hop               ||     1
  Use: Potion            ||     2
       Scroll            ||     1
 Stab: Distracted        ||     2
       Sleeping          ||     1
  Eat: Chunk             ||     3
Armor: Robe              ||    29
Dodge: Dodged            ||    89
